AoeStats
← 钠呐纳卡姆

Arena

508639135Analyzed
4v4 RM · 9d ago on Sep 23, 2026· 49m 37s· 8 players
Game mode
Random Map
Map size
Large (8 player)
Population
200
Speed
Normal
Resources
Standard
Victory
Conquest
Starting age
Dark Age
Ending age
Imperial Age
RankedLock teamsTeams togetherTeam positionsShared explorationLock speedFull tech treeHidden civsTurbo modeCheats
Victory
Defeat
🇻🇳 Gurjaras · Vietnam
985
+12
🇨🇳 Vietnamese · China
967
+13
🇨🇳 Lithuanians · China
961
+13
🇻🇳 Britons · Vietnam
959
+13
🇨🇳 Persians · China
904
-13
🇨🇳 Italians · China
900
-13
🇮🇳 Spanish · India
896
-12
🇭🇰 Persians · Hong Kong SAR China
896
-13
旺旺
10:36 Feudal Age
11:11 Double-Bit Axe
18:11 Castle Age
16:11 Stone Mining
16:24 Horse Collar
17:12 Gold Mining
19:03 Bow Saw
18:55 Heavy Plow
27:12 Imperial Age
27:30 Gold Shaft Mining
28:33 Two-Man Saw
28:16 Crop Rotation
28:46 Wheelbarrow
29:59 Scale Barding Armor
30:05 Forging
29:56 Scale Mail Armor
31:12 Hand Cart
33:15 Chain Barding Armor
33:30 Iron Casting
33:15 Arson
32:52 Pikeman
33:33 Squires
34:24 Conscription
34:09 Husbandry
34:19 Bloodlines
35:24 Plate Barding Armor
35:05 Chain Mail Armor
34:28 Halberdier
35:22 Cavalier
37:45 Blast Furnace
37:56 Plate Mail Armor
37:02 Savar
37:32 Elite War Elephant
观音的害怕
12:19 Feudal Age
13:05 Horse Collar
13:12 Double-Bit Axe
18:23 Castle Age
19:06 Bow Saw
18:58 Heavy Plow
27:29 Imperial Age
25:38 Wheelbarrow
25:02 Gold Mining
25:25 Forging
27:27 Hand Cart
27:51 Iron Casting
27:21 Scale Barding Armor
29:36 Gold Shaft Mining
28:47 Cavalier
30:43 Crop Rotation
31:44 Blast Furnace
31:06 Chain Barding Armor
32:40 Savar
34:36 Capped Ram
36:34 Siege Ram
495556203
0:28 Loom
11:05 Feudal Age
12:40 Wheelbarrow
11:47 Horse Collar
11:55 Double-Bit Axe
12:02 Gold Mining
12:04 Stone Mining
13:26 Town Watch
18:56 Castle Age
18:21 Forging
18:17 Scale Barding Armor
20:06 Hand Cart
19:53 Heavy Plow
20:05 Bow Saw
21:26 Squires
23:43 Stone Shaft Mining
32:03 Imperial Age
29:30 Fletching
30:29 Padded Archer Armor
30:52 Ballistics
30:29 Murder Holes
32:56 Chain Barding Armor
33:12 Iron Casting
32:52 Husbandry
32:14 Light Cavalry
33:06 Bloodlines
35:58 Two-Man Saw
36:47 Plate Barding Armor
37:12 Blast Furnace
36:54 Scale Mail Armor
37:11 Leather Archer Armor
36:51 Bodkin Arrow
39:21 Chemistry
38:05 Hussar
38:54 Crossbowman
39:40 Thumb Ring
40:06 Chain Mail Armor
40:21 Arbalester
43:33 Bracer
44:03 Ring Archer Armor
shinychrome
7:55 Loom
11:04 Feudal Age
16:08 Castle Age
14:28 Double-Bit Axe
23:10 Horse Collar
25:39 Wheelbarrow
30:07 Imperial Age
28:19 Pikeman
30:47 Squires
30:33 Arson
32:04 Chemistry
31:47 Husbandry
31:58 Bloodlines
32:37 Hand Cart
33:57 Conscription
34:43 Light Cavalry
41:55 Conscription
43:13 Forging
43:04 Scale Mail Armor
42:55 Halberdier
45:24 Masonry
45:11 Murder Holes
45:55 Iron Casting
45:35 Chain Mail Armor
45:38 Heavy Plow
品哥揍老外
11:22 Feudal Age
16:33 Castle Age
14:29 Double-Bit Axe
15:17 Stone Mining
15:43 Fletching
26:09 Imperial Age
24:46 Bow Saw
24:36 Treadmill Crane
25:51 Gold Mining
26:54 Bodkin Arrow
28:57 Wheelbarrow
28:07 Town Watch
28:08 Loom
30:26 Scale Barding Armor
30:32 Forging
31:10 Hand Cart
31:35 Ballistics
33:57 Horse Collar
35:24 Two-Man Saw
35:26 Paper Money
35:09 Chatras
35:30 Siege Engineers
35:18 Elite Rattan Archer
36:22 Chain Barding Armor
36:10 Heavy Plow
38:05 Chemistry
38:08 Plate Barding Armor
38:09 Iron Casting
38:42 Elite Battle Elephant
39:47 Husbandry
39:58 Bloodlines
41:24 Bloodlines
42:09 Bloodlines
43:07 Elite Skirmisher
43:52 Thumb Ring
44:53 Murder Holes
45:08 Masonry
44:37 Imperial Skirmisher
45:50 Bracer
45:51 Padded Archer Armor
gulu gulu
8:52 Loom
11:48 Feudal Age
17:33 Castle Age
15:39 Double-Bit Axe
17:16 Stone Mining
24:32 Horse Collar
25:06 Bow Saw
28:08 Wheelbarrow
27:26 Gold Mining
27:39 Heavy Plow
31:46 Imperial Age
30:53 Hand Cart
30:44 Fletching
30:55 Padded Archer Armor
31:26 Bodkin Arrow
32:18 Gold Shaft Mining
33:59 Two-Man Saw
33:02 Bracer
33:18 Leather Archer Armor
34:01 Yeomen
34:58 Conscription
34:38 Town Watch
36:43 Ring Archer Armor
36:24 Forging
36:14 Scale Mail Armor
35:51 Elite Longbowman
36:08 Pikeman
36:49 Squires
36:35 Gambesons
36:35 Arson
37:27 Halberdier
38:32 Warwolf
41:07 Treadmill Crane
42:51 Chemistry
42:11 Ballistics
42:03 Fortified Wall
41:50 Murder Holes
42:01 Siege Engineers
42:06 Masonry
44:01 Cranequins
zckaz123
11:28 Feudal Age
16:08 Castle Age
14:32 Double-Bit Axe
15:19 Horse Collar
16:58 Wheelbarrow
18:20 Bow Saw
18:33 Heavy Plow
23:24 Gold Mining
23:28 Stone Mining
24:49 Hand Cart
29:43 Imperial Age
28:46 Gold Shaft Mining
28:49 Stone Shaft Mining
28:26 Scale Barding Armor
28:32 Forging
29:42 Chain Barding Armor
31:03 Crop Rotation
29:57 Heavy Camel Rider
30:41 Husbandry
30:55 Bloodlines
31:23 Iron Casting
32:00 Plate Barding Armor
32:19 Frontier Guards
34:38 Masonry
34:40 Fortified Wall
44:32 Padded Archer Armor
44:23 Fletching
46:11 Chemistry
45:32 Ballistics
47:03 Elite Elephant Archer
47:48 Thumb Ring
48:06 Leather Archer Armor
47:46 Bodkin Arrow
钠呐纳卡姆
9:49 Feudal Age
15:32 Castle Age
13:50 Double-Bit Axe
14:03 Horse Collar
16:20 Bloodlines
27:26 Wheelbarrow
27:11 Town Watch
27:27 Gold Mining
27:49 Bow Saw
27:36 Stone Mining
28:21 Heavy Plow
30:15 Thumb Ring
29:46 Elite Skirmisher
33:55 Imperial Age
31:13 Loom
32:04 Padded Archer Armor
32:21 Bloodlines
32:12 Husbandry
32:42 Hand Cart
32:45 Fletching
33:13 Leather Archer Armor
33:23 Forging
33:50 Town Patrol
35:09 Iron Casting
34:30 Bodkin Arrow
35:06 Ring Archer Armor
35:48 Chemistry
34:19 Cavalier
34:38 Imperial Skirmisher
36:09 Stone Shaft Mining
35:56 Ballistics
35:47 Scale Barding Armor
35:44 Bracer
35:49 Scale Mail Armor
36:24 Conscription
36:58 Crop Rotation
36:49 Tower Shields
37:37 Elite Leitis
38:51 Chain Barding Armor
40:38 Plate Barding Armor
40:30 Chain Mail Armor
41:06 Paladin
Connection lost

Rejoining the realm…

Still unreachable

The connection could not be restored.

Session expired

The server has moved on; the page needs a fresh start.